 Dungeon Crawl Stone Soup version 0.18-a0-1180-g64ccc1e (webtiles) character file.

6592 Leszczynek the Carver (level 11, -6/90 HPs)
             Began as a Naga Wizard on Jan 27, 2016.
             Was a High Priest of Cheibriados.
             Mangled by a purple ugly thing (11 damage)
             ... on level 9 of the Dungeon.
             The game lasted 00:53:42 (14028 turns).

Leszczynek the Carver (Naga Wizard)                Turns: 14028, Time: 00:53:42

Health: -6/90      AC:  9    Str: 23    XL:     11   Next: 2%
Magic:  3/11       EV: 16    Int: 30    God:    Cheibriados [*****.]
Gold:   216        SH:  7    Dex: 26    Spells: 5 memorised, 6 levels left

rFire  + . .     SeeInvis +     a - +7 falchion of the Beginning {antimagic, rN+ MP+9 Stlth+}
rCold  + . .     Gourm    .     n - +1 robe {rC+ rF+}
rNeg   + . .     Faith    .     e - +0 buckler
rPois  +         Spirit   .     p - +0 helmet
rElec  .         Dismiss  .     I - +0 cloak
rCorr  .         Reflect  .     w - +1 pair of gloves
SustAt .         Harm     .     (no barding)
MR     +....                    (no amulet)
Stlth  ++++++....               (no ring)
                                N - ring of magical power

@: agile, very slightly contaminated, repel missiles, very slow, somewhat
resistant to hostile enchantments, very stealthy
A: see invisible, deformed body, poison resistance, slowness 2, slow metabolism
1, spit poison 2, AC +3
a: Spit Poison, Bend Time, Temporal Distortion, Slouch, Step From Time, Renounce
Religion


You were on level 9 of the Dungeon.
You worshipped Cheibriados.
Cheibriados was extremely pleased with you.
You were very hungry.

You visited 2 branches of the dungeon, and saw 10 of its levels.
You also visited: Sewer and Ossuary.

You collected 571 gold pieces.
You spent 355 gold pieces at shops.

Inventory:

Hand Weapons
 a - the +7 falchion of the Beginning (weapon) {antimagic, rN+ MP+9 Stlth+}
   (You bought it in a shop on level 4 of the Dungeon)

   It disrupts the flow of magical energy around spellcasters and certain
   magical creatures (including the wielder).
   It protects you from negative energy.
   It affects your magic capacity (+9).
   It makes you more stealthy.
 b - a +0 blowgun
 O - a +0 scimitar
Missiles
 f - 68 bolts
 g - 43 poisoned needles
 h - 48 stones (quivered)
 r - 28 arrows
 v - a throwing net
 x - 70 sling bullets
Armour
 e - a +0 buckler (worn)
 n - a +1 robe of resistance (worn)
 p - a +0 helmet (worn)
 w - a +1 pair of gloves (worn)
 I - a +0 cloak (worn)
 K - the +5 scale mail of Filth {*Confuse rCorr Int+3 Slay+3, unknown}
   (You found it on level 8 of the Dungeon)

   It affects your intelligence (+3).
   It affects your accuracy and damage with ranged weapons and melee attacks
   (+3).
   It protects you from acid and corrosion.
   It may confuse you when you take damage.
Jewellery
 N - a ring of magical power (left hand)
Wands
 y - a wand of polymorph (15/24)
 z - a wand of fire (9/15)
 B - a wand of confusion (21/48)
 D - a wand of magic darts (25/48)
 J - a wand of fire (6/15)
Scrolls
 k - a scroll of magic mapping
 l - a scroll of amnesia
 o - 4 scrolls of enchant weapon
 s - 6 scrolls of remove curse
 A - 2 scrolls of fog
 C - 4 scrolls of enchant armour
 L - a scroll of summoning
Potions
 i - 2 potions of might
 m - 5 potions of cure mutation
 q - a potion of heal wounds
 t - a potion of invisibility
 u - a potion of agility
 E - 10 potions of curing
 F - 3 potions of flight
 G - 2 potions of brilliance
 M - a potion of beneficial mutation {unknown}
Books
 c - a book of Minor Magic

   Spells                             Type                      Level
   a - Magic Dart                     Conjuration                  1
   b - Blink                          Translocation                2
   c - Call Imp                       Summoning                    2
   d - Repel Missiles                 Charms/Air                   2
   e - Slow                           Hexes                        2
   f - Conjure Flame                  Conjuration/Fire             3
   g - Mephitic Cloud                 Conjuration/Poison/Air       3
Comestibles
 d - a bread ration
 j - 4 meat rations
 H - 6 chunks of flesh


   Skills:
 - Level 3.0 Fighting
 - Level 11.5 Long Blades
 - Level 1.5 Dodging
 - Level 5.0 Stealth
 - Level 4.0 Shields
 * Level 2.0 Unarmed Combat
 - Level 3.0 Spellcasting
 - Level 3.6 Conjurations
 - Level 1.3 Hexes
 - Level 2.4 Summonings
   Level 1.0 Translocations
 - Level 3.1 Air Magic
 - Level 5.5 Poison Magic
 + Level 5.7 Invocations


You had 6 spell levels left.
You knew the following spells:

 Your Spells              Type           Power        Failure   Level  Hunger
a - Magic Dart            Conj           ####         1%          1    None
b - Mephitic Cloud        Conj/Pois/Air  ####....     4%          3    ##.....
c - Slow                  Hex            ##......     8%          2    #......
d - Repel Missiles        Chrm/Air       ##....       8%          2    #......
q - Call Imp              Summ           ###.....     4%          2    #......


Dungeon Overview and Level Annotations

Branches:
Dungeon (9/15)             Temple (1/1) D:6
   Lair: D:8-11         Orc: D:9-12

Altars:
Ashenzari
Cheibriados
Dithmenos
Elyvilon
Fedhas
Gozag
Kikubaaqudgha
Makhleb
Nemelex Xobeh
Okawaru
Qazlal
Ru
Sif Muna
Trog
Vehumet
Xom
Yredelemnul
Zin
The Shining One

Shops:
D:4 (   D:6 ?

Annotations:
D:5 exclusion: wyvern, Azzok's ghost, novice MiFi


Innate Abilities, Weirdness & Mutations

You cannot wear boots.
Your serpentine skin is tough (AC +3).
You have supernaturally acute eyesight.
Armour fits poorly on your strangely shaped body.
Your system is resistant to poisons.
You cover ground very slowly.
You have a slow metabolism.
You can spit poison.


Message History

Drink which item? (? for menu, Esc to quit)
Okay, then.
Drink which item? (? for menu, Esc to quit)
You feel agile all of a sudden.
The purple ugly thing headbutts you but does no damage.
The cyclops hits you!
* * * LOW HITPOINT WARNING * * *
The ogre barely misses you.
Unknown command.
Drink which item? (? for menu, Esc to quit)
You feel much better.
You flicker back into view.
The purple ugly thing headbutts you! The cyclops hits you!!
* * * LOW HITPOINT WARNING * * *
Unknown command.
Drink which item? (? for menu, Esc to quit)
You feel much better. The ogre hits you with a giant club!!
* * * LOW HITPOINT WARNING * * *
The purple ugly thing headbutts you!
You die...

..... . #### ...## .#.$#.. . r#
....# .... .... .. .# #..###..#
..###
.#######.......#######.....
.#..#).#....H..#..#Z.#.....
....#.....###.....#.....##
...###.....#...O(###/....#
.......[#.(#..#u@....Z#
........##### #.CY⌠}..#### .
........#..# #.......#..# (.
...###.....#.....###.....# ...
....#.....###.....#.....###....
.#..#..#.......#..#..#.......#
.#######.......#######...(...#
.# #..#..###..#[(#(.#.÷###..#
.. #......#......#......# ..


You could see a purple ugly thing, a cyclops, a hippogriff, an ice beast, an
ogre and a giant gecko skeleton.

Vanquished Creatures
  The ghost of WhatIsLove the Ducker, a novice DsGl of Cheibriados (Ossuary)
  Grinder (D:4)
  A two-headed ogre (D:9)
  A wraith (D:9)
  A wyvern (D:8)
  A yak (D:9)
  A hippogriff (D:8)
  2 orc warriors
  A black bear (D:9)
  3 ice beasts
  An eye of draining (D:8)
  2 sky beasts (D:8)
  3 phantoms
  3 ogres
  2 centaurs (D:8)
  6 big kobolds
  5 giant frogs
  7 scorpions (Ossuary)
  3 wights (D:8)
  8 killer bees
  A giant frog zombie (D:8)
  4 centaur zombies
  6 crimson imps
  6 orc priests
  2 human zombies (Ossuary)
  A jelly (D:9)
  A centaur skeleton (D:9)
  5 hounds
  9 orc wizards
  Jessica (D:3)
  An iguana (D:7)
  5 worker ants
  3 big kobold zombies (Ossuary)
  2 mummies (Ossuary)
  20 adders
  4 gnolls
  4 river rats (D:6)
  3 scorpion zombies (Ossuary)
  A shadow imp (D:6)
  2 oozes (Sewer)
  An adder zombie (D:7)
  3 adder skeletons
  A worm (D:6)
  4 giant geckos
  30 orcs
  8 ball pythons
  6 giant cockroaches
  3 goblins
  9 hobgoblins
  3 jackals (D:7)
  A quokka (D:3)
  9 bats
  A giant gecko zombie (D:5)
  7 giant newts
  3 gnoll zombies (Ossuary)
  A goblin zombie (Ossuary)
  2 hobgoblin zombies (Ossuary)
  19 kobolds
  4 orc zombies (Ossuary)
  A quokka skeleton (D:4)
  11 rats
261 creatures vanquished.

Vanquished Creatures (collateral kills)
  Sigmund (D:4)
  Duvessa (D:4)
  An orc warrior (D:8)
  A centaur (D:8)
  Dowan (D:4)
  2 killer bees
  A hound (D:4)
  A worker ant (D:4)
  The ghost of ololoev the Firebug, a weakling DEFE (D:3)
  2 gnolls (D:3)
  2 adders
  A worm (D:2)
  An orc (D:8)
  A hobgoblin zombie (Ossuary)
17 creatures vanquished.

Vanquished Creatures (others)
  A hill giant (D:9)
  A mummy (Ossuary)
  A goblin zombie (Ossuary)
  An orc zombie (Ossuary)
4 creatures vanquished.

Grand Total: 282 creatures vanquished

Notes
Turn   | Place    | Note
--------------------------------------------------------------
     0 | D:1      | Leszczynek the Naga Wizard began the quest for the Orb.
     0 | D:1      | Reached XP level 1. HP: 15/15 MP: 4/4
   769 | D:1      | Reached XP level 2. HP: 13/22 MP: 0/6
   896 | D:1      | Learned a level 2 spell: Call Imp
   899 | D:1      | Learned a level 2 spell: Slow
  1809 | D:2      | Found a bloodstained altar of Trog.
  1820 | D:2      | Reached XP level 3. HP: 5/28 MP: 1/7
  1833 | D:2      | HP: 2/42 [poisoned by an adder]
  2251 | D:2      | Learned a level 3 spell: Mephitic Cloud
  2343 | D:2      | Found a glowing golden altar of the Shining One.
  2396 | D:2      | Reached skill level 1 in Hexes
  2563 | D:2      | Reached XP level 4. HP: 34/36 MP: 8/8
  2624 | D:2      | Reached skill level 1 in Poison Magic
  2729 | D:2      | Found a white marble altar of Elyvilon.
  3011 | D:3      | Noticed Jessica
  3023 | D:3      | Killed Jessica
  3265 | D:3      | Reached XP level 5. HP: 39/42 MP: 6/9
  3647 | D:3      | Reached skill level 4 in Poison Magic
  3861 | D:3      | Noticed ololoev's ghost (weakling DEFE)
  3871 | D:3      | Killed ololoev's ghost
  3895 | D:3      | Reached skill level 1 in Air Magic
  4486 | D:3      | Found an ancient bone altar of Kikubaaqudgha.
  4638 | D:4      | Noticed a phantom
  4843 | D:4      | Reached XP level 6. HP: 36/49 MP: 6/10
  4964 | D:4      | Noticed Grinder
  4982 | D:4      | Found Omedauci's Antique Weapon Shop.
  5365 | D:4      | Noticed Sigmund
  5391 | D:4      | Killed Sigmund
  5391 | D:4      | Reached skill level 1 in Long Blades
  5391 | D:4      | Reached skill level 5 in Poison Magic
  5752 | D:4      | Noticed Duvessa
  5752 | D:4      | Noticed Dowan
  5779 | D:4      | Killed Dowan
  5779 | D:4      | Reached XP level 7. HP: 55/55 MP: 3/11
  5902 | D:4      | Bought a scorched falchion for 232 gold pieces
  5902 | D:4      | Identified the +7 falchion of the Beginning {antimagic, rN+ MP+9 Stlth+} (You bought it in a shop on level 4 of the Dungeon)
  5976 | D:4      | Killed Duvessa
  6380 | D:4      | Killed Grinder
  6440 | D:4      | Learned a level 2 spell: Repel Missiles
  6559 | D:5      | Entered Level 5 of the Dungeon
  6559 | D:5      | Noticed Azzok's ghost (novice MiFi)
  6627 | D:5      | Noticed a wyvern
  7123 | D:5      | Reached skill level 1 in Shields
  7245 | D:5      | Found a blossoming altar of Fedhas.
  7256 | D:5      | Reached XP level 8. HP: 60/62 MP: 7/12
  7850 | D:6      | Found a glowing drain.
  7875 | D:6      | Reached skill level 5 in Long Blades
  8060 | Sewer    | Entered a sewer
  8367 | Sewer    | Reached skill level 6 in Long Blades
  8949 | D:6      | Found a staircase to the Ecumenical Temple.
  8964 | Temple   | Entered the Ecumenical Temple
  9144 | Temple   | Became a worshipper of Cheibriados the Contemplative
  9193 | D:6      | Reached XP level 9. HP: 25/68 MP: 6/13
  9222 | D:6      | Reached skill level 7 in Long Blades
  9403 | D:6      | Found Qiyckess's Magic Scroll Shop.
  9407 | D:6      | Bought a scroll of blinking for 97 gold pieces
  9407 | D:6      | Bought a scroll of identify for 26 gold pieces
  9839 | D:7      | Reached * piety under Cheibriados
  9899 | D:7      | Reached skill level 1 in Fighting
 10589 | D:7      | Reached skill level 8 in Long Blades
 10675 | D:7      | Reached ** piety under Cheibriados
 10791 | D:7      | Reached skill level 1 in Invocations
 10992 | D:7      | Found a sacrificial altar of Ru.
 11284 | D:8      | Reached skill level 9 in Long Blades
 11499 | D:8      | Found a sand-covered staircase.
 11509 | Ossuary  | Entered an ossuary
 11511 | Ossuary  | Noticed WhatIsLove's ghost (novice DsGl)
 11529 | Ossuary  | Killed WhatIsLove's ghost
 11529 | Ossuary  | Reached XP level 10. HP: 67/84 MP: 4/14
 11674 | Ossuary  | Reached *** piety under Cheibriados
 11736 | Ossuary  | Reached skill level 5 in Stealth
 11942 | Ossuary  | Reached skill level 10 in Long Blades
 12109 | D:8      | Got a jet-studded scale mail
 12210 | D:8      | Reached **** piety under Cheibriados
 12865 | D:8      | Reached skill level 11 in Long Blades
 13069 | D:9      | Found a radiant altar of Vehumet.
 13109 | D:9      | Reached ***** piety under Cheibriados
 13125 | D:9      | Reached skill level 5 in Invocations
 14010 | D:9      | Noticed a purple ugly thing
 14010 | D:9      | Noticed a cyclops
 14012 | D:9      | Noticed a hill giant
 14013 | D:9      | Killed a hill giant
 14013 | D:9      | Reached skill level 1 in Unarmed Combat
 14018 | D:9      | Reached XP level 11. HP: 68/90 MP: 1/15
 14027 | D:9      | HP: 3/90 [cyclops (27)]
 14028 | D:9      | Mangled by a purple ugly thing

Vault maps used:
D:1:      dpeg_arrival_renting, minmay_misc_feat_x, kennysheep_another_room,
          amethyst_killhole, minmay_statues_item
D:2:      lemuel_round_altar, old_standard_altar, bloody_trog,
          supply_closet_lemuel
D:3:      lemuel_doored_altar, first_bread, uniq_jessica
D:4:      serial_shops, nicolae_shop_window_shopping, uniq_sigmund,
          uniq_grinder, uniq_duvessa
D:5:      old_standard_altar
D:6:      minmay_temple_entry_purple_smoke, portal_sewer_entry_e, serial_shops,
          kennysheep_mini, minmay_misc_feat_cross
D:7:      nicolae_overflow_hidden_temple, kennysheep_generic_room_9
D:8:      nicolae_ossuary_entry_ruins
D:9:      hangedman_cross_cluster, vehumet_crystals, johnstein_pakellas_dig,
          grunt_pizzeria, lemuel_mausoleum_altar_kikubaaqudgha
Temple:   hc_temple_tempest_star
Sewer:    kennysheep_pipe_town
Ossuary:  ossuary_minmay_scorpions

Action                   |  1- 3 |  4- 6 |  7- 9 | 10-12 || total
-------------------------+-------+-------+-------+-------++-------
Melee: Short sword       |    17 |    45 |       |       ||    62
       Unarmed           |     5 |       |       |       ||     5
       Flail             |       |    37 |     4 |       ||    41
       Falchion          |       |       |   439 |   346 ||   785
Throw: Stone             |       |     5 |    18 |     6 ||    29
 Cast: Magic Dart        |    54 |    51 |       |     4 ||   109
       Call Imp          |    11 |    18 |    21 |     5 ||    55
       Slow              |     3 |     2 |     2 |     4 ||    11
       Mephitic Cloud    |       |     3 |    10 |     4 ||    17
       Repel Missiles    |       |       |     1 |     1 ||     2
Invok: Bend Time         |       |       |       |     1 ||     1
       Slouch            |       |       |       |     1 ||     1
       Temporal Distorti |       |       |       |     1 ||     1
 Abil: Spit Poison       |       |    15 |     2 |       ||    17
  Use: Scroll            |     4 |     4 |    12 |     6 ||    26
       Potion            |     2 |     1 |     4 |     8 ||    15
 Stab: Sleeping          |       |     4 |     7 |     5 ||    16
       Distracted        |       |     1 |     1 |     2 ||     4
       Confused          |       |       |    12 |     1 ||    13
       Invisible         |       |       |       |     4 ||     4
  Eat: Chunk             |     4 |     8 |     7 |     2 ||    21
       Pizza             |       |     1 |     1 |       ||     2
       Bread ration      |       |       |     2 |       ||     2
       Royal jelly       |       |       |       |     1 ||     1
